[Event "Klubbmästerskap 2025 Hängrond"]
[Site "Linköping, Sweden"]
[Date "2025.04.03"]
[Round "5.1"]
[White "Rogoz, Vladyslav"]
[Black "Grundel, Sam"]
[Result "0-1"]
[TimeControl "90 min + 30 sec/move"]
[WhiteElo "2099"]
[BlackElo "2019"]

1. d4 d5 2. Nf3 Nf6 3. c4 c6 4. Nc3 dxc4 5. a4 Bf5 6. Ne5 Nbd7 7. Nxc4 Nb6 8. Ne3 e6 9. Nxf5 exf5 10.
Bg5 Bb4 11. e3 Nbd5 12. Bxf6 Nxf6 13. Bc4 O-O 14. O-O Qe7 15. Qc2 g6 16. Ne2 Rac8 17. Rfd1 b5 18. Ba2 c5 19. d5 a6 20.
axb5 axb5 21. d6 Qb7 22. Qb3 Rfd8 23. Nf4 Ne4 24. Nd5 Rxd6 25. Nxb4 Nd2 26. Rxd2 Rxd2 27. Nd5 Rd8 28. Nc3 b4 29.
Rf1 c4 30. Qxc4 bxc3 31. bxc3 Rc8 32. Qb3 Qa7 33. Bb1 Rb8 34. Qc4 Rbb2 35. h4 Qxe3 36. Ba2 Qa7 37. Bb3 Qb7 38. Bd1 Qe4 39.
Qc8+ Kg7 40. Bf3 Qxh4 41. Qc5 Qf4 42. c4 Ra2 43. Bd5 Qe5 44. Qb6 Ra1 45. g3 Rxf1+ 46. Kxf1 Qd4 47. Qxd4+ Rxd4 48.
Ke2 Kf6 49. Ke3 Rxd5 50. cxd5 Ke5 51. Kf3 Kxd5 52. Kf4 f6 53. Kf3 h5 54. Kf4 Kd4 55. Kf3 g5 56. Kg2 Ke4 57. Kf1 Kf3 58.
Kg1 f4 59. gxf4 Kxf4 60. Kg2 g4 61. Kg1 Kf3 62. Kf1 h4 63. Kg1 g3 64. Kf1 g2+ 65. Kg1 f5 0-1

[Event "Klubbmästerskap 2025 Hängrond"]
[Site "Linköping, Sweden"]
[Date "2025.04.03"]
[Round "5.2"]
[White "Malm, Simon 1995"]
[Black "Andersson, Mats 1960"]
[Result "1/2-1/2"]
[TimeControl "90 min + 30 sec/move"]
[BlackTitle "FM"]
[WhiteElo "1976"]
[BlackElo "2263"]

1. d4 Nf6 2. c4 e6 3. Nc3 d5 4. Nf3 c6 5. Bg5 Nbd7 6. e3 Qa5 7. Nd2 Bb4 8. Qc2 O-O 9. Bxf6 Nxf6 10.
Bd3 dxc4 11. Nxc4 Qc7 12. O-O Rd8 13. Rfd1 Bf8 14. Ne5 Bd7 15. Ne4 Nxe4 16. Bxe4 g6 17. h4 Be8 18. Rac1 Qe7 19.
g3 Bg7 20. a3 f6 21. Nd3 Bf7 22. Nc5 f5 23. Bg2 e5 24. dxe5 Bxe5 25. b4 Bd6 26. Nb3 Bxb3 1/2-1/2

[Event "Klubbmästerskap 2025 Hängrond"]
[Site "Linköping, Sweden"]
[Date "2025.04.03"]
[Round "5.3"]
[White "Qwarfort, Fredrik"]
[Black "Ekman, Theo"]
[Result "0-1"]
[TimeControl "90 min + 30 sec/move"]
[WhiteElo "1826"]
[BlackElo "1806"]

1. d4 Nc6 2. c4 e5 3. d5 Nce7 4. e4 Ng6 5. Nc3 Bc5 6. a3 a5 7. Nf3 d6 8. h3 Nf6 9. Bd3 O-O 10.
Rb1 Nh5 11. b4 axb4 12. axb4 Bb6 13. Ne2 f5 14. Be3 Bxe3 15. fxe3 f4 16. exf4 Nhxf4 17. Nxf4 Nxf4 18. O-O Qf6 19.
Rb2 Ra3 20. Rb3 Rxb3 21. Qxb3 Qg6 22. Ne1 Nxh3+ 23. Kh2 Rxf1 24. Bxf1 Qxe4 25. Qg3 Qf4 26. gxh3 Qxf1 27. Ng2 Qf5 28.
Qh4 Kf7 29. Qg3 g5 30. h4 h6 31. hxg5 Qxg5 32. Qf2+ Qf5 33. Qh4 Qf6 34. Qh5+ Ke7 35. Qe2 Bf5 36. c5 e4 37. Kh1 Qa1+ 38.
Ne1 Qc3 39. cxd6+ cxd6 40. Kg2 Qh3+ 41. Kg1 Qg4+ 0-1

[Event "Klubbmästerskap 2025 Hängrond"]
[Site "Linköping, Sweden"]
[Date "2025.04.03"]
[Round "5.4"]
[White "Snällfot, Magnus"]
[Black "Garner, Mårten"]
[Result "1-0"]
[TimeControl "90 min + 30 sec/move"]
[WhiteElo "1778"]
[BlackElo "1841"]

1. e4 e6 2. d4 d5 3. exd5 exd5 4. c4 c6 5. Nc3 Bb4 6. Nf3 Ne7 7. Qb3 Ba5 8. Be2 O-O 9. O-O Qb6 10.
cxd5 Qxb3 11. axb3 Bb6 12. dxc6 Nbxc6 13. d5 Nb4 14. Rd1 Rd8 15. Bc4 Bg4 16. Bg5 Kf8 17. d6 Nf5 18. Bxd8 Rxd8 19.
Nd5 Bc5 20. Nxb4 Bxb4 21. Rxa7 Nxd6 22. h3 Bf5 23. Ra4 Bc5 24. Ra5 b6 25. Ra6 Rc8 26. g4 Be4 27. Ne5 Rc7 28. Bd5 Bc2 29.
Rd2 Bb4 30. Ra8+ Ne8 31. Re2 Bd1 32. Ng6+ 1-0

[Event "Klubbmästerskap 2025 Hängrond"]
[Site "Linköping, Sweden"]
[Date "2025.04.03"]
[Round "5.5"]
[White "Karlsson, Henrik 1974"]
[Black "Leijon, Noah"]
[Result "1-0"]
[TimeControl "90 min + 30 sec/move"]
[WhiteElo "1804"]
[BlackElo "1803"]

1. e4 c5 2. Nf3 d6 3. d4 cxd4 4. Nxd4 Nf6 5. Nc3 g6 6. Be3 Bg7 7. f3 O-O 8. Qd2 Nc6 9. O-O-O Ne5 10.
g4 Bd7 11. h4 b5 12. h5 b4 13. Nd5 Nxd5 14. exd5 Qa5 15. Kb1 Qxd5 16. hxg6 Nxg4 17. fxg4 Qxh1 18. Bg2 Qh4 19. gxf7+ Kh8 20.
Rh1 Qf6 21. Rxh7+ Kxh7 22. Be4+ Kh8 23. Qh2+ Bh6 24. Bxh6 Qxf7 25. Bxf8+ Kg8 26. Bh6 Qc4 27. Bc1 Rc8 28. Qh7+ Kf8 29.
Bg6 Qf1 30. Qh8# 1-0

[Event "Klubbmästerskap 2025 Hängrond"]
[Site "Linköping, Sweden"]
[Date "2025.04.03"]
[Round "5.6"]
[White "Larsson, Elin"]
[Black "Larsson, Emma 2008"]
[Result "1/2-1/2"]
[TimeControl "90 min + 30 sec/move"]
[WhiteElo "1666"]
[BlackElo "1754"]

1. e4 d5 2. exd5 Nf6 3. d4 Nxd5 4. c4 Nb6 5. Nc3 g6 6. Be3 Bg7 7. h3 O-O 8. Nf3 Bf5 9. Qd2 Re8 10.
Be2 Nc6 11. g4 Bc8 12. O-O-O Na5 13. b3 Nc6 14. Rdg1 e5 15. d5 Nb4 16. h4 e4 17. Nd4 c5 18. dxc6 bxc6 19. Kb1 Bb7 20.
h5 Qf6 21. g5 Qe5 22. Rg4 c5 23. Ndb5 a6 24. Bf4 Qxc3 25. Nxc3 Rad8 26. Qc2 Nxc2 27. Kxc2 e3 28. Rd1 Rxd1 29.
Nxd1 exf2 30. Ne3 Bd4 31. Kd2 a5 32. hxg6 1/2-1/2